 Dungeon Crawl Stone Soup version 0.30-a0-737-gf23d94013f (webtiles) character file.

Game seed: 12216103057666737395

1782840 freelancePsychic the Conqueror (level 26, 239/239 HPs)
             Began as a Minotaur Brigand on Feb 1, 2023.
             Was a High Priest of Makhleb.
             Escaped with the Orb
             ... and 3 runes!
             The game lasted 02:03:06 (61545 turns).

freelancePsychic the Conqueror (Minotaur Brigand)  Turns: 61545, Time: 02:03:06

Health: 239/239    AC: 69    Str: 26    XL:     26   Next: 70%
Magic:  46/46      EV: 22    Int:  9    God:    Makhleb [*****.]
Gold:   4005       SH:  0    Dex: 22    Spells: 25/25 levels left

rFire   + + .      SeeInvis .    V - +9 lajatang (speed)
rCold   + . .      Faith    .    (shield currently unavailable)
rNeg    . . .      Spirit   .    N - +16 crystal plate armour "Qoawosa" {Int-4 Dex+5}
rPois   +          Reflect  .    C - +1 hat of Action {*Corrode rF+ Will+ Dex+2}
rElec   +          Harm     .    c - +2 cloak {rC+}
rCorr   .          Rampage  .    P - +2 pair of gloves
Will    ++...                    j - +2 pair of boots Stlth
                                 A - amulet of Hard Scrabble {RegenMP Fly rElec rPois}
HPRegen 0.59/turn                Z - ring "Uno Fedis" {rF+ MP+9 Int+4}
MPRegen 0.70/turn                Y - ring "Zupnao Nityn" {AC+4 Slay+4}

@: flying, studying Axes
A: horns 2, retaliatory headbutt, iridescent scales 2, deterioration 1, frail 1,
poison resistance, screaming 1, shaggy fur 1, strong 1
0: Orb of Zot
}: 3/15 runes: decaying, silver, gossamer
a: Renounce Religion, Minor Destruction, Lesser Servant of Makhleb, Major
Destruction, Greater Servant of Makhleb


You escaped.
You worshipped Makhleb.
Makhleb was extremely pleased with you.
You visited 9 branches of the dungeon, and saw 47 of its levels.
You visited the Abyss 1 time.
You visited 1 bazaar.
You also visited: Sewer, Ossuary, Bailey, Gauntlet, Ice Cave and Wizlab.

You collected 10396 gold pieces.
You spent 6391 gold pieces at shops.

Inventory:

Hand Weapons
 V - a +9 lajatang of speed (weapon)
Missiles
 d - 25 javelins
 m - 37 boomerangs
 t - 5 throwing nets
Armour
 c - a +2 cloak of cold resistance (worn)
 e - +0 gold dragon scales
 j - a +2 pair of boots (worn)
 C - the +1 hat of Action (worn) {*Corrode rF+ Will+ Dex+2}
   (You found it on level 1 of the Realm of Zot)

   Dex:       It affects your dexterity (+2).
   rF:        It protects you from fire.
   *Corrode:  It may corrode you when you take damage.
   Will:      It increases your willpower.
 N - the +16 crystal plate armour "Qoawosa" (worn) {Int-4 Dex+5}
   (You found it on level 3 of the Elven Halls)

   Int:       It affects your intelligence (-4).
   Dex:       It affects your dexterity (+5).
 P - a +2 pair of gloves (worn)
Jewellery
 A - the amulet of Hard Scrabble (around neck) {RegenMP Fly rElec rPois}
   (You found it in a Gauntlet)

   [amulet of magic regeneration]

   It increases your rate of magic regeneration.
   rElec:     It insulates you from electricity.
   rPois:     It protects you from poison.
   Fly:       It grants you flight.
 S - the ring of Dempiw {AC+4 Dex+6}
   (You acquired it on level 1 of the Dungeon)

   [ring of protection]

   AC:        It affects your AC (+4).
   Dex:       It affects your dexterity (+6).
 W - a ring of resist corrosion
 Y - the ring "Zupnao Nityn" (right hand) {AC+4 Slay+4}
   (You acquired it on level 2 of the Lair of Beasts)

   [ring of protection]

   AC:        It affects your AC (+4).
   Slay:      It affects your accuracy & damage with ranged weapons and melee
   (+4).
 Z - the ring "Uno Fedis" (left hand) {rF+ MP+9 Int+4}
   (You found it on level 5 of the Vaults)

   [ring of magical power]

   Int:       It affects your intelligence (+4).
   rF:        It protects you from fire.
   MP:        It affects your magic capacity (+9).
Wands
 h - a wand of roots (44)
 s - a wand of digging (14)
 B - a wand of mindburst (32)
 K - a wand of light (17)
 M - a wand of flame (121)
 Q - a wand of charming (56)
Scrolls
 b - 5 scrolls of poison
 g - 6 scrolls of fog
 i - 20 scrolls of teleportation {@r4}
 o - 2 scrolls of silence
 v - 11 scrolls of blinking
 w - 11 scrolls of fear
 y - 10 scrolls of enchant armour
 D - 5 scrolls of magic mapping
 G - 5 scrolls of butterflies
 O - 5 scrolls of enchant weapon
 R - 2 scrolls of torment
 U - 8 scrolls of immolation
Potions
 a - 8 potions of cancellation
 f - 6 potions of flight
 k - 5 potions of berserk rage
 l - 35 potions of curing {@q1}
 n - 8 potions of degeneration
 p - 5 potions of might
 q - 9 potions of lignification
 r - 10 potions of mutation
 x - 15 potions of attraction
 E - 12 potions of heal wounds {@q2}
 F - 7 potions of ambrosia
 H - 13 potions of brilliance
 I - a potion of invisibility
 J - 7 potions of magic
 T - 3 potions of resistance
Miscellaneous
 z - a tin of tremorstones (2/2)
 L - a condenser vane
 X - a phantom mirror


   Skills:
 O Level 27 Fighting
 - Level 2.3 Short Blades
 - Level 14.0(15.4) Polearms
 - Level 11.0(14.0) Staves
 - Level 2.1 Throwing
 O Level 27 Armour
 + Level 26.9 Dodging
 - Level 4.3 Stealth
 - Level 8.9 Shields
 - Level 22.6 Invocations
 - Level 10.0 Evocations


You had 25 spell levels left.
You didn't know any spells.
Your spell library contained the following spells:

 Spells                   Type           Power      Damage    Failure   Level
 Apportation              Tloc           0%         N/A       95%         1
 Kiss of Death            Conj/Necr      0%         2d5       95%         1
 Necrotise                Necr           0%         1d4       95%         1
 Sandblast                Erth           0%         2d4       95%         1
 Slow                     Hex            0%         N/A       95%         1
 Sting                    Tmut/Pois      0%         1d3       95%         1
 Summon Small Mammal      Summ           0%         N/A       95%         1
 Blink                    Tloc           0%         N/A       99%         2
 Ensorcelled Hibernation  Hex/Ice        0%         N/A       99%         2
 Lesser Beckoning         Tloc           0%         N/A       99%         2
 Passwall                 Tmut/Erth      0%         N/A       99%         2
 Poisonous Vapours        Pois/Air       0%         N/A       99%         2
 Scorch                   Fire           0%         2d5       99%         2
 Static Discharge         Conj/Air       0%         2-2/arc   99%         2
 Sublimation of Blood     Necr           0%         N/A       99%         2
 Wereblood                Tmut           0%         N/A       99%         2
 Call Canine Familiar     Summ           0%         N/A       100%        3
 Dazzling Flash           Conj/Hex       0%         N/A       100%        3
 Frozen Ramparts          Ice            0%         1d1       100%        3
 Gell's Gravitas          Tloc           0%         N/A       100%        3
 Hailstorm                Conj/Ice       0%         3d3       100%        3
 Ignite Poison            Fire/Tmut/Pois 0%         N/A       100%        3
 Inner Flame              Hex/Fire       0%         N/A       100%        3
 Kindle Blastsparks       Fire/Tloc/Air  0%         2d10      100%        3
 Ozocubu's Armour         Ice            0%         N/A       100%        3
 Portal Projectile        Hex/Tloc       0%         N/A       100%        3
 Spider Form              Tmut/Pois      0%         N/A       100%        3
 Stone Arrow              Conj/Erth      0%         3d7       100%        3
 Summon Guardian Golem    Hex/Summ       0%         N/A       100%        3
 Swiftness                Air            0%         N/A       100%        3
 Teleport Other           Tloc           0%         N/A       100%        3
 Tukima's Dance           Hex            0%         N/A       100%        3
 Vampiric Draining        Necr           0%         2d6       100%        3
 Vhi's Electric Charge    Tloc/Air       0%         N/A       100%        3
 Airstrike                Air            0%         2d(0-16)  100%        4
 Anguish                  Hex/Necr       0%         N/A       100%        4
 Animate Dead             Necr           0%         N/A       100%        4
 Cause Fear               Hex            0%         N/A       100%        4
 Flame Wave               Conj/Fire      0%         2d4       100%        4
 Ice Form                 Ice/Tmut       0%         N/A       100%        4
 Leda's Liquefaction      Hex/Erth       0%         N/A       100%        4
 Manifold Assault         Tloc           0%         N/A       100%        4
 Olgreb's Toxic Radiance  Pois           0%         N/A       100%        4
 Passage of Golubria      Tloc           0%         N/A       100%        4
 Petrify                  Tmut/Erth      0%         N/A       100%        4
 Summon Ice Beast         Ice/Summ       0%         N/A       100%        4
 Summon Lightning Spire   Summ/Air       0%         N/A       100%        4
 Agony                    Necr           0%         N/A       100%        5
 Alistair's Intoxication  Tmut/Pois      0%         N/A       100%        5
 Arcjolt                  Conj/Air       0%         1d10      100%        5
 Blade Hands              Tmut           0%         N/A       100%        5
 Borgnjor's Vile Clutch   Necr/Erth      0%         N/A       100%        5
 Fireball                 Conj/Fire      0%         3d3       100%        5
 Freezing Cloud           Conj/Ice/Air   0%         6-21      100%        5
 Irradiate                Conj/Tmut      0%         3d11      100%        5
 Lee's Rapid Deconstruct  Erth           0%         3d4*      100%        5
 Lightning Bolt           Conj/Air       0%         1d11      100%        5
 Metabolic Englaciation   Hex/Ice        0%         N/A       100%        5
 Silence                  Hex/Air        0%         N/A       100%        5
 Summon Forest            Summ/Tloc      0%         N/A       100%        5
 Summon Mana Viper        Hex/Summ       0%         N/A       100%        5
 Yara's Violent Unravell  Hex/Tmut       0%         3d3       100%        5
 Dispersal                Tloc           0%         N/A       100%        6
 Eringya's Noxious Bog    Tmut/Pois      0%         N/A       100%        6
 Simulacrum               Ice/Necr       0%         N/A       100%        6
 Starburst                Conj/Fire      0%         6d3       100%        6
 Statue Form              Tmut/Erth      0%         N/A       100%        6
 Summon Cactus Giant      Summ           0%         N/A       100%        6
 Enfeeble                 Hex            0%         N/A       100%        7
 Haunt                    Necr/Summ      0%         N/A       100%        7
 Malign Gateway           Summ/Tloc      0%         N/A       100%        7
 Orb of Destruction       Conj           0%         9d5       100%        7
 Spellforged Servitor     Conj/Summ      0%         N/A       100%        7
 Summon Hydra             Summ           0%         N/A       100%        7
 Discord                  Hex            0%         N/A       100%        8
 Disjunction              Tloc           0%         N/A       100%        8
 Ignition                 Fire           0%         3d3       100%        8
 Infestation              Necr           0%         N/A       100%        8
 Summon Horrible Things   Summ           0%         N/A       100%        8
 Death's Door             Necr           0%         N/A       100%        9
 Polar Vortex             Ice            0%         N/A       100%        9


Dungeon Overview and Level Annotations

Branches:
Dungeon (15/15)            Temple (0/1) D:5            Lair (5/5) D:10
  Swamp (4/4) Lair:3       Spider (4/4) Lair:3        Slime (0/5) Lair:5
    Orc (2/2) D:9             Elf (3/3) Orc:2        Vaults (5/5) D:14
  Crypt (0/3) Vaults:2     Depths (4/4) D:15            Zot (5/5) Depths:4
  Sewer (visited)         Ossuary (visited)          Bailey (visited)
  IceCv (visited)          WizLab (visited)         Gauntlet (visited)

Altars:
Ashenzari
Cheibriados
Dithmenos
Elyvilon
Fedhas
Gozag
Hepliaklqana
Kikubaaqudgha
Makhleb
Okawaru
Ru
Trog
Vehumet
Wu Jian
Yredelemnul
The Shining One
Jiyva

Shops:
D:1 *   D:5 *   D:13 [   Orc:2 (*:*   Vaults:5 :   Zot:5 *   Depths:1 !(
Depths:3 !?(

Portals:
Hell: Depths:1 Depths:2 Depths:3 Depths:4
Abyss: Depths:3
Pandemonium: Depths:2
Ziggurat: Depths:4
Trove: Vaults:4 (give 9 potions of haste)

Annotations:
D:13 1 runed translucent door, Bybeca's ghost, journeyman VSBe
Elf:2 3 runed translucent doors
Vaults:1 2 transporters, Feshunla's ghost, adept KoEn
Depths:3 Boris


Innate Abilities, Weirdness & Mutations

You have a pair of horns on your head.
You reflexively headbutt those who attack you in melee.
You are mostly covered in iridescent scales. (AC +4)
Your body sometimes deteriorates upon taking damage.
You are frail. (-10% HP)
Your system is resistant to poisons. (rPois)
You occasionally shout uncontrollably at your foes.
You are covered in fur. (AC +1)
Your muscles are strong. (Str +4, Int/Dex -1)


Message History

The cherub is heavily wounded.
The cherub misses you. You furiously retaliate!
You headbutt the cherub!! The cherub barely misses you.
You slice the cherub!!
You kill the cherub!
Makhleb accepts your kill.
You feel better.
No target in view!
No target in view!
No target in view!
No target in view!
No target in view!
No target in view!
No target in view!
No target in view!
No target in view!
No target in view!
No target in view!
No target in view!
No target in view!
No target in view!
(D) Dungeon (T) Temple (L) Lair (S) Swamp (N) Spider Nest (M) Slime Pits (O) Orcish Mines (E) Elven Halls (V) Vaults (C) Crypt (U) Depths (H) Hell (Z) Zot
Where to? (Enter - D:1 @ (x,y), ? - help)
You see here a +0 dagger.
You see here a +0 club.
You hear a grinding noise.
You hear a grinding noise.
You hear a grinding noise.
There is a stone staircase leading up here.
You fly upwards.
There is a stone staircase leading down here.
There is an entrance to Bashag's General Store here.
You see here a +1 trident of venom.
There is an open door here.
There is an open door here.
There is a staircase leading out of the dungeon here.
You have escaped!

#............#########
#)#### ####.#####..## #....#
#..# #..# ####.#
##########..###### ###)#
+..>..∩..'..##...# ##.#.#
####.#####..##.#'# #....#
.)...# ##^.....#.# ##.###
########.#...###.### #.#
##.##..##..@..# #.#
#.#########.##########.#
#...+.............'.##.#
#..#####.#####.####....#####
##.#..##.#####.##...##.....#
##...'.........'.########.#
##.######.####### #.#
#.#...........# #.#
########.######.###### #.#


There were no monsters in sight!

Vanquished Creatures
  A dread lich (Zot:5)
  3 ancient liches
  An orb of fire (Zot:5)
  A juggernaut (Depths:2)
  3 Killer Klowns
  Josephina (Zot:4)
  Sojobo (Vaults:4)
  2 shard shrikes
  Bai Suzhen (Swamp:3)
  3 curse toes
  10 golden dragons
  Nikola (Swamp:2)
  Arachne (Spider:4)
  A bone dragon (Depths:4)
  4 Tzitzimimeh
  23 tentacled monstrosities
  Zenata (Vaults:1)
  7 electric golems
  Jorgrun (D:12)
  2 walking earthen tomes
  7 liches
  The ghost of Roypn the Severer, an adept AtBe of Trog (Spider:2)
  A Hell Sentinel (Zot:4)
  27 Orb Guardians
  14 titans
  A deep elf master archer (Elf:3)
  2 deep elf blademasters (Elf:3)
  8 quicksilver dragons
  2 pandemonium lords
  A tentacled starspawn (Abyss:3)
  Gastronok (Lair:3)
  6 death cobs
  5 sphinxes
  A thorn hunter (Swamp:4)
  10 tengu reavers
  Agnes (Spider:4)
  24 storm dragons
  6 shadow dragons
  10 fire giants
  A daeva (D:12)
  8 draconian monks
  11 draconian knights
  4 deep elf sorcerers
  An angel (WizLab)
  6 draconian scorchers
  5 emperor scorpions
  16 vault wardens
  6 frost giants
  Aizul (Spider:4)
  3 spectral caustic shrikes (Depths:3)
  6 iron dragons
  8 ghost moths
  5 draconian stormcallers
  3 orc warlords
  5 draconian shifters
  3 deep elf elementalists (Elf:3)
  16 ironbound preservers
  20 stone giants
  3 spriggan defenders
  7 draconian annihilators
  A reaper (D:15)
  9 war gargoyles
  A broodmother (Spider:4)
  2 vampire knights
  27 very ugly things
  13 green draconians
  15 ironbound thunderhulks
  7 deep elf annihilators
  A lorocyproca (D:9)
  4 eleionomae
  A demonspawn black sun (D:9)
  9 deep elf demonologists
  23 red draconians
  15 spark wasps
  17 dire elephants
  21 white draconians
  19 yellow draconians
  A minotaur (Gauntlet)
  8 bunyips
  16 purple draconians
  7 deep elf death magi
  A green death (Zot:2)
  17 black draconians
  16 ettins
  3 crystal guardians (WizLab)
  3 jiangshi (Depths:2)
  5 entropy weavers
  A merfolk javelineer (Depths:4)
  2 fire dragons
  The ghost of MrSquiggles the Spear-Bearer, a journeyman GrFi of Okawaru (D:11)
  2 deep elf high priests (Elf:3)
  A blizzard demon (D:7)
  Fannar (D:12)
  10 yaktaur captains
  3 great orbs of eyes
  3 shambling mangroves
  5 peacekeepers
  25 hydras
  4 ogre magi
  3 catoblepae
  A jorogumo (Spider:2)
  A salamander tyrant (WizLab)
  8 ice dragons
  A rakshasa (Depths:1)
  7 spriggan air magi
  32 vault guards
  3 ghost crabs
  4 radroaches
  8 centaur warriors
  5 alligators
  6 boulder beetles
  10 ironbound frosthearts
  11 deep troll shamans
  A death scarab (Gauntlet)
  15 dancing weapons
  7 two-headed ogres
  3 spriggan berserkers
  Urug (D:13)
  2 vampire magi
  9 death yaks
  8 tengu warriors
  11 deep troll earth magi
  2 orc high priests (Elf:1)
  24 hell knights
  A thrashing horror (Abyss:3)
  14 deep elf knights
  A fire crab (Lair:4)
  9 iron trolls
  9 pharaoh ants
  A cherub (D:2)
  6 goliath frogs
  A sun moth (Spider:4)
  A sixfirhy (D:4)
  A glowing orange brain (Depths:4)
  59 deep trolls
  A sea snake (shapeshifter) (Vaults:5)
  4 orb spiders
  5 spriggan druids
  2 bog bodies
  14 wizards
  10 swamp dragons
  2 obsidian statues
  A spectral hydra (Gauntlet)
  4 starcursed masses (Abyss:3)
  A lindwurm (shapeshifter) (D:15)
  22 deep elf archers
  16 ironbound convokers
  2 flayed ghosts
  2 orange crystal statues
  11 lindwurms
  35 deep elf pyromancers
  29 deep elf zephyrmancers
  9 necromancers
  14 orc knights
  5 wolf spider zombies (Spider:3)
  A tengu zombie (Vaults:5)
  4 harpies (D:15)
  4 phantasmal warriors
  5 steelbarb worms
  A salamander (WizLab)
  2 manticores
  17 wolf spiders
  A mana viper (shapeshifter) (Elf:1)
  21 moths of wrath
  A shining eye (shapeshifter) (Vaults:5)
  2 orc sorcerers
  3 will-o-the-wisps
  55 ugly things
  4 demonic crawlers
  11 elephants
  2 cyclopes
  A human skeleton (Vaults:5)
  4 torpor snails
  A black mamba (shapeshifter) (D:15)
  20 vault sentinels
  5 gargoyles
  3 black mambas
  4 unseen horrors
  9 cane toads
  A storm dragon simulacrum (Zot:4)
  24 rime drakes
  2 molten gargoyles (WizLab)
  An unseen horror (shapeshifter) (D:9)
  4 kobold demonologists
  3 redback zombies (Spider:3)
  21 yaktaurs
  9 komodo dragons
  2 tormentors
  2 freezing wraiths
  A tengu conjurer (D:13)
  A golden dragon simulacrum (Zot:4)
  13 polar bears
  2 bloated husks
  8 trolls
  A guardian mummy (Vaults:4)
  2 meliai (Spider:4)
  27 hornets
  A queen bee (shapeshifter) (Elf:2)
  24 tarantellas
  12 tarantella zombies (Spider:3)
  8 tyrant leeches
  A dream sheep (shapeshifter) (Vaults:5)
  A raiju (shapeshifter) (Vaults:5)
  10 culicivora zombies (Spider:3)
  A large abomination (Abyss:3)
  17 blink frogs
  4 raiju (Abyss:3)
  A draconian simulacrum (Zot:4)
  25 slime creatures
  14 jumping spiders
  3 centaur simulacra (D:11)
  4 water elementals
  23 spriggans
  26 yaks
  3 flying skulls (Abyss:3)
  20 culicivoras
  4 shadows
  3 wyverns
  4 air elementals (Elf:1)
  A vampire (D:14)
  4 wraiths
  5 fire elementals
  2 basilisks
  A spectral komodo dragon (Gauntlet)
  A steam dragon (D:8)
  13 vampire mosquitoes
  2 neqoxecs
  41 redbacks
  A warg (Elf:1)
  A black draconian simulacrum (Zot:4)
  21 swamp worms
  19 water moccasins
  4 acid dragons
  Duvessa (D:4)
  3 ice beasts
  42 orc warriors
  9 swamp drakes (Swamp:4)
  A sky beast (D:6)
  3 black bears
  4 boggarts (D:11)
  7 ogres
  30 centaurs
  9 wolves
  A phantom (D:9)
  A small abomination (Abyss:3)
  6 kobold brigands
  Blork the orc (D:4)
  9 bullfrogs
  2 gnoll sergeants
  3 necrophages
  10 earth elementals
  4 scorpions
  5 wights (D:9)
  Dowan (D:4)
  4 troll zombies (D:9)
  24 killer bees
  5 howler monkeys
  5 electric eels
  A lava snake (Lair:3)
  Crazy Yiuf (D:3)
  A hound (D:5)
  4 jellies
  16 orc priests
  9 iguanas
  18 orc wizards
  3 hell rats (Lair:2)
  2 lightning spires (WizLab)
  4 ogre zombies (D:9)
  A mummy (Ossuary)
  7 gnolls
  5 river rats
  10 adders
  5 white imps
  2 ufetubi
  4 worms
  2 dart slugs
  83 orcs
  6 ball pythons
  22 endoplasms
  9 giant cockroaches
  3 goblins
  5 hobgoblins
  12 jackals
  2 quokkas
  9 bats
  9 frilled lizards
  7 gnoll skeletons (Ossuary)
  5 goblin zombies (D:9)
  2 hobgoblin skeletons (D:9)
  3 hobgoblin zombies (D:9)
  19 kobolds
  7 kobold skeletons (Ossuary)
  14 orc skeletons
  12 orc zombies (D:9)
  15 rats
  2 briar patches (Swamp:4)
2290 creatures vanquished.

Vanquished Creatures (collateral kills)
  2 curse toes
  Mlioglotl (Swamp:3)
  A quicksilver dragon (Zot:3)
  An Ice Fiend (Depths:2)
  A death cob (Zot:5)
  An emperor scorpion (Spider:2)
  Donald (Swamp:4)
  A fire giant (WizLab)
  A draconian annihilator (Zot:3)
  A black draconian (Zot:3)
  A deep elf annihilator (Vaults:5)
  A green death (Depths:2)
  A salamander tyrant (WizLab)
  A radroach (Spider:2)
  2 alligators (Swamp:3)
  2 death scarabs (Gauntlet)
  A pharaoh ant (Spider:2)
  A spriggan druid (Swamp:3)
  A swamp dragon (Swamp:4)
  An ironbound convoker (Vaults:5)
  2 spectral hydras (Gauntlet)
  A necromancer (Vaults:5)
  2 salamanders (WizLab)
  2 orc knights
  A deep elf zephyrmancer (Elf:1)
  A moth of wrath (Spider:2)
  A troll (D:9)
  A tyrant leech (Swamp:3)
  2 culicivoras (Spider:2)
  A yak (D:9)
  A wraith (Ossuary)
  A spectral komodo dragon (Gauntlet)
  2 vampire mosquitoes (Swamp:3)
  A human simulacrum (Vaults:5)
  An orc wizard (D:9)
  2 gnolls (D:5)
  A white imp (D:11)
  2 orcs (Vaults:5)
48 creatures vanquished.

Vanquished Creatures (others)
  A deep elf master archer (Elf:3)
  A shadow dragon (Zot:5)
  A draconian monk (Zot:5)
  A fire giant (WizLab)
  A draconian scorcher (Zot:1)
  An eleionoma (Swamp:4)
  Nessos (Lair:3)
  A purple draconian (Zot:1)
  A deep elf knight (Elf:1)
  A deep elf zephyrmancer (Elf:1)
  3 bloated husks
  A tarantella (shapeshifter) (Vaults:5)
  A hornet (Swamp:4)
  A swamp drake (Swamp:2)
  An orc wizard (D:11)
  An orc (Vaults:5)
  16 foxfires
  6 fungi
  11 plants
51 creatures vanquished.

Grand Total: 2389 creatures vanquished

Notes
Turn   | Place    | Note
-------+----------+-------------------------------------------
     0 | D:1      | freelancePsychic the Minotaur Brigand began the quest for
                  | the Orb.
     0 | D:1      | Reached XP level 1. HP: 18/18 MP: 0/0
    40 | D:1      | Found a faded altar of an unknown god.
   126 | D:1      | Prayed at the altar of an unknown god.
   126 | D:1      | Became a worshipper of Makhleb the Destroyer
   126 | D:1      | Reached * piety under Makhleb
   269 | D:1      | Reached XP level 2. HP: 25/25 MP: 1/1
   463 | D:1      | Found Bashag's General Store.
   732 | D:1      | Reached XP level 3. HP: 30/30 MP: 2/2
   816 | D:2      | Reached ** piety under Makhleb
   853 | D:2      | Reached skill level 1 in Invocations
  1079 | D:2      | Reached XP level 4. HP: 30/38 MP: 2/4
  1623 | D:3      | Got the Anthology of the Oath and Transition
  1720 | D:3      | Found a radiant altar of Vehumet.
  1878 | D:3      | You fall into a shaft and drop 2 floors!
  1878 | D:5      | Entered Level 5 of the Dungeon
  1889 | D:5      | Noticed a gnoll sergeant
  1962 | D:5      | Found Keduyd's Assorted Antiques.
  1988 | D:5      | Reached XP level 5. HP: 30/46 MP: 5/5
  2128 | D:5      | Found a staircase to the Ecumenical Temple.
  2235 | D:5      | Reached skill level 1 in Polearms
  2263 | D:5      | Noticed a black bear
  2269 | D:5      | Killed a black bear
  2270 | D:5      | Reached XP level 6. HP: 50/53 MP: 7/7
  2534 | D:4      | Found a snail-covered altar of Cheibriados.
  2585 | D:4      | Found a sand-covered staircase.
  2622 | Ossuary  | Entered an ossuary
  2622 | Ossuary  | Noticed a wraith
  2622 | Ossuary  | Noticed a wraith
  2622 | Ossuary  | Noticed a wraith
  2633 | Ossuary  | Reached *** piety under Makhleb
  2754 | Ossuary  | Noticed a wraith
  2765 | Ossuary  | Killed a wraith
  2766 | Ossuary  | Reached skill level 5 in Fighting
  2766 | Ossuary  | Reached XP level 7. HP: 51/61 MP: 8/8
  2833 | D:4      | Noticed Dowan
  2893 | D:4      | Found a basalt altar of Yredelemnul.
  2921 | D:4      | Gained mutation: Your muscles are strong. (Str +4, Int/Dex
                  | -1) [potion of mutation]
  2921 | D:4      | Gained mutation: You have hidden genetic potential. [potion
                  | of mutation]
  2921 | D:4      | Gained mutation: You are partially covered in iridescent
                  | scales. (AC +2) [potion of mutation]
  2921 | D:4      | Gained mutation: You are mostly covered in iridescent
                  | scales. (AC +4) [potion of mutation]
  2994 | D:4      | Found a glowing drain.
  3004 | Sewer    | Entered a sewer
  3044 | Sewer    | Reached **** piety under Makhleb
  3105 | Sewer    | Reached skill level 5 in Polearms
  3247 | Sewer    | Found a shimmering altar of Xom.
  3490 | D:4      | Noticed Duvessa
  3498 | D:4      | Killed Duvessa
  3499 | D:4      | Reached XP level 8. HP: 51/70 MP: 10/10
  3500 | D:4      | Killed Dowan
  3515 | D:4      | Gained mutation: You are covered in fur. (AC +1) [hidden
                  | potential]
  3761 | D:4      | Noticed Blork the orc
  3766 | D:4      | Killed Blork the orc
  3823 | D:4      | Found an iron altar of Okawaru.
  4257 | D:4      | Found a glowing golden altar of the Shining One.
  4673 | D:5      | Reached skill level 5 in Invocations
  4784 | D:3      | Found an ornate altar of the Wu Jian Council.
  5092 | D:3      | Found a runed translucent door.
  5093 | D:3      | Noticed Crazy Yiuf
  5303 | D:3      | Paralysed by Crazy Yiuf for 5 turns
  5309 | D:3      | Killed Crazy Yiuf
  5702 | D:6      | Identified the +1 robe of the Onion {rElec rF- rN+ Dex+3}
  5967 | D:6      | Reached XP level 9. HP: 79/79 MP: 12/12
  6049 | D:6      | Found a sacrificial altar of Ru.
  6236 | D:6      | Found a white marble altar of Elyvilon.
  6439 | D:7      | Found a hazy altar of Hepliaklqana.
  6497 | D:7      | Gained mutation: Your system is resistant to poisons.
                  | (rPois) [hidden potential]
  6497 | D:7      | Lost mutation: You have hidden genetic potential. [hidden
                  | potential expressed]
  7220 | D:8      | Found a flagged portal.
  7241 | Bailey   | Entered a bailey
  7320 | Bailey   | Reached ***** piety under Makhleb
  7415 | Bailey   | Noticed an orc knight
  7448 | Bailey   | Killed an orc knight
  7449 | Bailey   | Reached skill level 10 in Polearms
  7463 | Bailey   | Noticed an orc knight
  7492 | Bailey   | Killed an orc knight
  7569 | Bailey   | Noticed an orc knight
  7735 | Bailey   | Killed an orc knight
  7736 | Bailey   | Reached XP level 10. HP: 68/91 MP: 14/14
  8318 | D:1      | Bought a scroll of acquirement for 520 gold pieces
  8318 | D:1      | Acquired the ring of Dempiw {AC+4 Dex+6}
  8737 | D:8      | Found an opulent altar of Gozag.
  8980 | D:10     | Entered Level 10 of the Dungeon
  8980 | D:10     | Noticed a two-headed ogre
  9111 | D:9      | Found a staircase to the Orcish Mines.
  9122 | D:9      | Reached skill level 10 in Fighting
  9322 | D:9      | Noticed a two-headed ogre
  9335 | D:9      | Killed a two-headed ogre
  9354 | D:9      | Reached skill level 1 in Armour
  9357 | D:9      | Reached XP level 11. HP: 53/99 MP: 16/16
  9471 | D:9      | Noticed a two-headed ogre
  9478 | D:9      | Killed a two-headed ogre
  9883 | D:9      | Reached skill level 5 in Armour
  9921 | D:9      | Noticed a centaur warrior
  9931 | D:9      | Killed a centaur warrior
 10208 | D:9      | Noticed an orc knight
 10219 | D:9      | Noticed an orc sorcerer
 10226 | D:9      | Killed an orc knight
 10230 | D:9      | Killed an orc sorcerer
 10230 | D:9      | Reached ****** piety under Makhleb
 10360 | D:9      | Noticed a deep elf archer
 10371 | D:9      | Killed a deep elf archer
 10385 | D:9      | Identified the +5 arbalest of Roogeag {flame, +Blink rC-
                  | Dex-3 SInv}
 10386 | D:9      | Identified the +3 long sword of Terra Cotta {heavy, rElec
                  | Int+6}
 10538 | D:9      | Noticed a two-headed ogre
 10544 | D:9      | Killed a two-headed ogre
 10617 | D:10     | Reached skill level 1 in Shields
 10692 | D:10     | Found a staircase to the Lair.
 11261 | D:10     | Reached XP level 12. HP: 111/111 MP: 18/18
 11292 | D:10     | Killed a two-headed ogre
 11532 | D:11     | Found a runed translucent gate.
 11532 | D:11     | Found a runed translucent gate.
 11532 | D:11     | Found a runed translucent gate.
 11575 | D:11     | Noticed a boulder beetle
 11629 | D:11     | Noticed MrSquiggles's ghost (journeyman GrFi)
 11867 | D:11     | Reached skill level 5 in Shields
 12065 | D:11     | Reached skill level 10 in Invocations
 12108 | D:11     | Killed MrSquiggles's ghost
 12153 | D:11     | Reached skill level 10 in Armour
 12250 | D:11     | Got the ring of Idwir {Fire Str+3 Int+4}
 12336 | Lair:1   | Entered Level 1 of the Lair of Beasts
 13236 | Lair:2   | Acquired the ring "Zupnao Nityn" {AC+4 Slay+4}
 13294 | Lair:2   | Noticed a catoblepas
 13314 | Lair:2   | Killed a catoblepas
 13689 | Lair:2   | Reached XP level 13. HP: 119/119 MP: 20/20
 14278 | Lair:3   | Noticed Nessos
 14289 | Lair:3   | Killed Nessos
 14509 | Lair:2   | Reached skill level 5 in Dodging
 14547 | Lair:3   | Noticed Gastronok
 14562 | Lair:3   | Killed Gastronok
 14904 | Lair:3   | Found a staircase to the Swamp.
 15006 | Lair:3   | Found a hole to the Spider Nest.
 16262 | Lair:5   | Entered Level 5 of the Lair of Beasts
 16282 | Lair:5   | Found a gate leading to a gauntlet.
 16342 | Gauntlet | Entered a Gauntlet
 16342 | Gauntlet | Found a transporter.
 16342 | Gauntlet | Found a transporter.
 16448 | Gauntlet | Found a transporter.
 16452 | Gauntlet | Found a transporter.
 16461 | Gauntlet | Found a transporter.
 16464 | Gauntlet | Found a transporter.
 16471 | Gauntlet | Found a runed translucent door.
 16471 | Gauntlet | Noticed a reaper
 16474 | Gauntlet | Found a transporter.
 16489 | Gauntlet | Found a transporter.
 16506 | Gauntlet | Found a transporter.
 16507 | Gauntlet | Found a transporter.
 16515 | Gauntlet | Found a transporter.
 16519 | Gauntlet | Found a transporter.
 16565 | Gauntlet | Reached XP level 14. HP: 132/132 MP: 23/23
 16737 | Gauntlet | Identified the +0 pair of boots of Optimism {rN+}
 16774 | Gauntlet | Identified the amulet of Hard Scrabble {RegenMP Fly rElec
                  | rPois}
 16774 | Gauntlet | Identified the +1 robe of the Maze {SInv}
 17323 | Lair:5   | Found a staircase to the Slime Pits.
 17324 | Lair:5   | Found a viscous altar of Jiyva.
 18000 | Lair:5   | Identified the +2 short sword of Berulimn {elec, Fly Dex+2}
 18506 | D:12     | Noticed Fannar
 18506 | D:12     | Noticed Jorgrun
 18513 | D:12     | Killed Fannar
 18521 | D:12     | Killed Jorgrun
 18522 | D:12     | Reached skill level 15 in Fighting
 19055 | D:12     | Reached skill level 15 in Invocations
 19793 | D:13     | Reached skill level 1 in Staves
 19816 | D:13     | Noticed Urug
 19824 | D:13     | Killed Urug
 20149 | D:13     | Found Jasiseg's Armour Emporium.
 20154 | D:13     | Bought a +0 pair of gloves for 54 gold pieces
 20319 | D:13     | Reached XP level 15. HP: 129/141 MP: 25/25
 20477 | D:13     | Found a runed translucent door.
 20480 | D:13     | Noticed Bybeca's ghost (journeyman VSBe)
 20842 | D:14     | Reached skill level 5 in Staves
 20984 | D:14     | Found a gate to the Vaults.
 21908 | D:15     | Entered Level 15 of the Dungeon
 22085 | D:15     | Found a staircase to the Depths.
 22086 | D:15     | Noticed a fire giant
 22161 | D:15     | Killed a fire giant
 22800 | Orc:1    | Entered Level 1 of the Orcish Mines
 23236 | Orc:2    | Entered Level 2 of the Orcish Mines
 23514 | Orc:2    | Found Xuev's Book Boutique.
 23514 | Orc:2    | Found Tealol's Assorted Antiques.
 23516 | Orc:2    | Found Teacw's Weapon Emporium.
 23518 | Orc:2    | Found Yzaliux's General Store.
 23950 | Orc:2    | Bought a scroll of acquirement for 1924 gold pieces
 23950 | Orc:2    | Bought a scroll of enchant armour for 277 gold pieces
 23977 | Orc:2    | Acquired 826 gold pieces
 24001 | Orc:2    | Found a staircase to the Elven Halls.
 24493 | D:1      | Bought a scroll of enchant weapon for 75 gold pieces
 24493 | D:1      | Bought a scroll of teleportation for 30 gold pieces
 24493 | D:1      | Bought a scroll of magic mapping for 75 gold pieces
 24697 | Orc:2    | Bought a scroll of blinking for 277 gold pieces
 24697 | Orc:2    | Bought a potion of curing for 111 gold pieces
 24697 | Orc:2    | Bought a sapphire potion for 33 gold pieces
 24700 | Orc:2    | Bought a potion of curing for 39 gold pieces
 25087 | Spider:1 | Entered Level 1 of the Spider Nest
 25089 | Spider:1 | Noticed an emperor scorpion
 25098 | Spider:1 | Killed an emperor scorpion
 25404 | Spider:1 | Reached skill level 10 in Staves
 25619 | Spider:1 | Reached XP level 16. HP: 154/154 MP: 27/27
 26462 | Spider:2 | Found a transporter.
 26911 | Spider:2 | Noticed Roypn's ghost (adept AtBe)
 26917 | Spider:2 | Found a transporter.
 27247 | Spider:2 | Killed Roypn's ghost
 27304 | Spider:2 | Identified the amulet "Hoross" {Harm Regen+}
 27309 | Spider:2 | Identified the ring "Nushreu" {Fly rCorr Str+5 Int+6 Dex-2}
 27802 | Spider:2 | Found a transporter.
 27990 | Spider:2 | Found a transporter.
 28686 | Spider:4 | Entered Level 4 of the Spider Nest
 29041 | Spider:4 | Noticed Arachne
 29057 | Spider:4 | Killed Arachne
 29240 | Spider:4 | Noticed Aizul
 29254 | Spider:4 | Killed Aizul
 29648 | Spider:4 | Reached XP level 17. HP: 145/166 MP: 28/28
 29864 | Spider:4 | Noticed Agnes
 29877 | Spider:4 | Killed Agnes
 30452 | Spider:4 | Got a gossamer rune of Zot
 30916 | Swamp:1  | Entered Level 1 of the Swamp
 31303 | Swamp:1  | Noticed a tentacled monstrosity
 31316 | Swamp:1  | Killed a tentacled monstrosity
 32118 | Swamp:2  | Noticed Nikola
 32137 | Swamp:2  | Killed Nikola
 32668 | Swamp:3  | Noticed Mlioglotl
 32677 | Swamp:3  | Killed Mlioglotl
 32761 | Swamp:3  | Noticed Bai Suzhen
 32767 | Swamp:3  | Killed Bai Suzhen
 33431 | Swamp:4  | Entered Level 4 of the Swamp
 33790 | Swamp:3  | Reached XP level 18. HP: 160/178 MP: 30/30
 34098 | Swamp:4  | Reached skill level 10 in Dodging
 34107 | Swamp:4  | Noticed Donald
 34117 | Swamp:4  | Killed Donald
 34429 | Swamp:4  | Found the +8 demon blade "Leech" {evervamp, Harm Drain rN+}
 34444 | Swamp:4  | Got a decaying rune of Zot
 35015 | Swamp:3  | Identified the +1 lajatang "Grim" {venom, Fly rC- rN+
                  | Str+3}
 35260 | Elf:1    | Entered Level 1 of the Elven Halls
 35967 | Elf:1    | Got the Parchment of Unified Percussion
 36396 | Elf:2    | Reached skill level 15 in Armour
 36437 | Elf:2    | Found a frozen archway.
 36450 | IceCv    | Entered an ice cave
 36460 | IceCv    | Reached XP level 19. HP: 185/185 MP: 32/32
 36780 | IceCv    | Noticed a shard shrike
 36798 | IceCv    | Killed a shard shrike
 36844 | IceCv    | Identified the +0 plate armour of Kikubaaqudgha's Regard
                  | {Slay+3}
 36851 | IceCv    | Got Nuanoem's Grimoire of Red-Hot Bad Luck
 36857 | IceCv    | Got Sif Muna's Notes on the Deep Freeze
 36911 | Elf:2    | Found a magical portal.
 36936 | WizLab   | Entered Maxwell's Workshop
 37331 | WizLab   | Identified the ring of Uscheagon {Fire Dex+3}
 37332 | WizLab   | Identified the ring "Cyuhat" {Fire Fly Str-4 Int+6 Stlth+}
 37665 | WizLab   | Found the +15 Maxwell's patent armour {-Cast -Tele rElec
                  | Will+ rCorr}
 37670 | WizLab   | Identified the +5 whip of Ilos {flame, Str+8 Stlth+}
 37692 | WizLab   | Noticed an electric golem
 37717 | WizLab   | Killed an electric golem
 37744 | WizLab   | Identified the +1 ring mail of Paranoia {Fly rPois Regen+
                  | Int+2}
 38038 | Elf:2    | Acquired 915 gold pieces
 38144 | Elf:2    | Found a runed translucent gate.
 38144 | Elf:2    | Found a runed translucent gate.
 38145 | Elf:2    | Found a runed translucent gate.
 38542 | Elf:3    | Entered Level 3 of the Elven Halls
 38547 | Abyss:3  | Cast into level 3 of the Abyss (a deep elf demonologist)
 38558 | Abyss:3  | Found a corrupted altar of Lugonu.
 38853 | Elf:2    | Escaped the Abyss
 39230 | Elf:3    | Identified the +0 leather armour of the Pink Corner
                  | {Rampage rPois Stlth+}
 39525 | Elf:3    | Noticed a Tzitzimitl
 39528 | Elf:3    | Reached XP level 20. HP: 67/193 MP: 34/34
 39682 | Elf:3    | Identified the +6 battleaxe "Faropp" {vamp, rF+ rC+ Stlth+}
 39682 | Elf:3    | Identified the ring "Ygeurph" {Fire Will- Str+3 Slay+4}
 39729 | Elf:3    | Got Peso's Essays on Transmogrification
 39736 | Elf:3    | Identified the +2 ring mail "Joeraz" {rElec rC+}
 39768 | Elf:3    | Identified the +16 crystal plate armour "Qoawosa" {Int-4
                  | Dex+5}
 39819 | Elf:3    | Identified the +4 great sword "Izuimoh" {freeze, rElec
                  | Int+2 Dex+2}
 40441 | Depths:1 | Entered Level 1 of the Depths
 40494 | Depths:1 | Found Temeecvi's Distillery.
 40499 | Depths:1 | Found Herchuwk's Antique Weapon Emporium.
 40517 | Depths:1 | Bought a potion of haste for 190 gold pieces
 40517 | Depths:1 | Bought a potion of haste for 190 gold pieces
 40517 | Depths:1 | Bought a potion of heal wounds for 95 gold pieces
 40517 | Depths:1 | Bought a potion of might for 76 gold pieces
 40517 | Depths:1 | Bought a potion of cancellation for 152 gold pieces
 40594 | Depths:1 | Found an iron altar of Okawaru.
 40655 | Depths:1 | Found a blossoming altar of Fedhas.
 41333 | Depths:1 | Found a gateway to Hell.
 41376 | Depths:2 | Noticed a golden dragon
 41395 | Depths:2 | Killed a golden dragon
 41528 | Depths:2 | Noticed a golden dragon
 41747 | Depths:1 | Killed a golden dragon
 41793 | Depths:2 | Found the +8 longbow "Zephyr" {speed, Dex+3 SInv}
 41872 | Depths:2 | Noticed a juggernaut
 41907 | Depths:2 | Killed a juggernaut
 41953 | Depths:2 | Reached XP level 21. HP: 201/201 MP: 35/35
 42104 | Depths:2 | Found a shadowy altar of Dithmenos.
 42120 | Depths:2 | Identified the +5 rapier of Grim Eternal Vigilance {drain,
                  | +Blink Str+4 Dex-5}
 42152 | Depths:2 | Found a one-way gate leading to the halls of Pandemonium.
 42718 | Depths:2 | Found a broken altar of Ashenzari.
 43004 | Depths:3 | Found Vierom's Weapon Boutique.
 43325 | Depths:3 | Found a one-way gate to the infinite horrors of the Abyss.
 43464 | Depths:3 | Found the ring of the Tortoise {AC+8}
 43469 | Depths:3 | Found Faebun's Magic Scroll Shop.
 43681 | Depths:4 | Entered Level 4 of the Depths
 43776 | Depths:3 | Found Zehifuuq's Distillery.
 43778 | Depths:3 | Noticed Boris
 44061 | Depths:4 | Found a gate to the Realm of Zot.
 44091 | Depths:4 | Found a one-way gateway to a ziggurat.
 44387 | Depths:4 | Reached skill level 15 in Dodging
 45324 | Vaults:1 | Entered Level 1 of the Vaults
 45463 | Vaults:1 | Noticed Zenata
 45489 | Vaults:1 | Killed Zenata
 45490 | Vaults:1 | Reached XP level 22. HP: 204/215 MP: 36/36
 46050 | Vaults:1 | Found a transporter.
 46054 | Vaults:1 | Noticed Feshunla's ghost (adept KoEn)
 46055 | Vaults:1 | Found a bloodstained altar of Trog.
 46066 | Vaults:1 | Found a transporter.
 47556 | Vaults:2 | Found a staircase to the Crypt.
 47556 | Vaults:2 | Found an ancient bone altar of Kikubaaqudgha.
 47557 | Vaults:2 | Found a basalt altar of Yredelemnul.
 48663 | Vaults:3 | Found a gateway to a bazaar.
 48676 | Bazaar   | Entered a bazaar
 48676 | Bazaar   | Found Douck's Distillery.
 48676 | Bazaar   | Found Moihang's Assorted Antiques.
 48676 | Bazaar   | Found Ruwkuon's Antique Weapon Emporium.
 48686 | Bazaar   | Bought a potion of heal wounds for 110 gold pieces
 48686 | Bazaar   | Bought a scroll of teleportation for 66 gold pieces
 48696 | Bazaar   | Bought 3 potions of curing for 117 gold pieces
 48696 | Bazaar   | Bought a potion of might for 52 gold pieces
 48696 | Bazaar   | Bought 2 potions of heal wounds for 130 gold pieces
 48696 | Bazaar   | Bought a potion of curing for 39 gold pieces
 48696 | Bazaar   | Bought a potion of curing for 39 gold pieces
 48696 | Bazaar   | Bought a potion of mutation for 104 gold pieces
 48696 | Bazaar   | Bought a potion of ambrosia for 104 gold pieces
 48810 | Vaults:3 | Paralysed by a sphinx for 2 turns
 49706 | Vaults:4 | Reached XP level 23. HP: 219/224 MP: 37/37
 49716 | Vaults:4 | Reached skill level 1 in Evocations
 50067 | Vaults:4 | Noticed Sojobo
 50084 | Vaults:4 | Paralysed by an air elemental for 1 turns
 50091 | Vaults:4 | Paralysed by an air elemental for 1 turns
 50102 | Vaults:4 | Killed Sojobo
 50496 | Vaults:4 | Reached skill level 5 in Evocations
 50768 | Vaults:4 | Found a portal to a secret trove of treasure.
 51187 | Vaults:5 | Entered Level 5 of the Vaults
 51414 | Vaults:5 | Identified the ring of the Equinox {Ice rElec Will+ Slay-4
                  | Stlth+}
 51552 | Vaults:5 | Paralysed by something for 5 turns
 51580 | Vaults:5 | Reached XP level 24. HP: 208/236 MP: 37/37
 51856 | Vaults:5 | Found Yrgheong's Book Boutique.
 51881 | Vaults:5 | Identified the +0 cloak of Uxuntaf {rN+ Str+4 Dex-5}
 51888 | Vaults:5 | Bought a manual of Fighting for 1200 gold pieces
 51891 | Vaults:5 | Got the Parchment of Gloom and Hypothermia
 51944 | Vaults:5 | Got the Book of the Grue
 51990 | Vaults:5 | Got a silver rune of Zot
 52123 | Vaults:5 | Noticed an ancient lich
 52130 | Vaults:5 | Killed an ancient lich
 52259 | Vaults:5 | Reached skill level 10 in Evocations
 52539 | Vaults:5 | Identified the +0 robe of Gestures {rC+ Dex+2}
 52556 | Vaults:5 | Got the Exposition on Nightshade
 52791 | Vaults:5 | Identified the ring "Uno Fedis" {rF+ MP+9 Int+4}
 53183 | Zot:1    | Entered Level 1 of the Realm of Zot
 54865 | Zot:1    | Reached skill level 27 in Fighting
 54972 | Zot:1    | Identified the +1 hat of Action {*Corrode rF+ Will+ Dex+2}
 55468 | Zot:2    | Reached XP level 25. HP: 257/257 MP: 37/37
 55795 | Zot:2    | You are sucked into a shaft and drop 2 floors!
 55795 | Zot:4    | Noticed a Killer Klown
 55795 | Zot:4    | Identified the ring of Hikhasunt {Ice *Slow rCorr Str+4}
 55795 | Zot:4    | Noticed Josephina
 55799 | Zot:4    | Noticed a Killer Klown
 55807 | Zot:4    | Killed Josephina
 55841 | Zot:4    | Killed a Killer Klown
 55889 | Zot:4    | Reached skill level 27 in Armour
 55907 | Zot:4    | Killed a Killer Klown
 58363 | Zot:2    | Identified the +1 sling of the Lurker {flame, rPois}
 58379 | Zot:2    | Noticed a shard shrike
 58390 | Zot:2    | Killed a shard shrike
 58772 | Zot:2    | Reached XP level 26. HP: 224/266 MP: 37/37
 59076 | Zot:5    | Entered Level 5 of the Realm of Zot
 59122 | Zot:5    | Found Jacuofun's CLEARANCE SALE!.
 59136 | Zot:5    | Bought a scroll of acquirement for 312 gold pieces
 59136 | Zot:5    | Acquired 829 gold pieces
 59986 | Zot:5    | Noticed an orb of fire
 59988 | Zot:5    | Gained mutation: Your body sometimes deteriorates upon
                  | taking damage. [an orb of fire]
 59989 | Zot:5    | Noticed a dread lich
 59995 | Zot:5    | Gained mutation: You are frail. (-10% HP) [an orb of fire]
 60006 | Zot:5    | Gained mutation: You occasionally shout uncontrollably at
                  | your foes. [an orb of fire]
 60007 | Zot:5    | Killed an orb of fire
 60017 | Zot:5    | Killed a dread lich
 60186 | Zot:5    | Identified the +2 buckler "Raoddied" {Will+}
 60381 | Zot:5    | Noticed an ancient lich
 60401 | Zot:5    | Noticed an ancient lich
 60656 | Zot:5    | Killed an ancient lich
 60811 | Zot:5    | Killed an ancient lich
 60825 | Zot:5    | Got the Orb of Zot
 60933 | Zot:4    | Noticed Ulla Yvu the pandemonium lord
 60950 | Zot:4    | Killed Ulla Yvu the pandemonium lord
 61069 | Depths:2 | Noticed Quoceich the pandemonium lord
 61099 | Depths:2 | Killed Quoceich the pandemonium lord
 61545 | D:$      | Escaped with the Orb!

Illustrated notes

Levels and vault maps discovered:
D:1:      shiori_shiawase, layout_loops_ring, serial_shops,
          nicolae_shop_hallway_stairs, basic_ecumenical_altar, serial_glass,
          glass_columns_a, glass_columns_a
D:2:      layout_basic
D:3:      layout_basic, mainiacjoe_overflow_small_starburst,
          nicolae_wu_jian_wuxing_cycle, st_stairs_11, uniq_crazy_yiuf_cottage
D:4:      layout_basic, nicolae_tso_swordbearing_angel, kennysheep_mini_moat,
          mainiacjoe_overflow_paths, mainiacjoe_overflow_catwalk,
          nicolae_ossuary_entry_false_entrances, portal_sewer_entry_e,
          minmay_bent, uniq_duvessa, uniq_blork_the_orc
D:5:      layout_rooms, lemuel_temple_firewalk_b, serial_shops, shop
D:6:      layout_layer_cave, general_overflow_altar, overflow_temple_1_default
D:7:      layout_loops_ring, old_standard_altar
D:8:      layout_loops_ring, mainiacjoe_overflow_alcove_4, enter_bailey_4
D:9:      minmay_the_grid_4x2 [minmay_the_grid_fan, minmay_the_grid_armoury,
          minmay_the_grid_gridbox, minmay_the_grid_medium_cups,
          minmay_the_grid_minigrid_small_alt, minmay_the_grid_plusring,
          minmay_the_grid_minigrid_medium, minmay_the_grid_prize_diamond_cup],
          layout_basic, zombieorc2_lemuel, serial_glass, glass_columns_a,
          glass_columns_c
D:10:     layout_loops_ring, lair_entry_dummy, minmay_parallelograms,
          kennysheep_small_spiral
D:11:     layout_basic, gammafunk_ghost_icy
D:12:     kennysheep_spiral_hall, layout_gridville, minmay_lindwurm_lava,
          uniq_fannar, uniq_jorgrun
D:13:     layout_cave_pods, serial_shops, nicolae_shop_hallway_plus,
          ebering_ghost_inner_flame, hangedman_abyss_or_decor_jellyfish_corner,
          kennysheep_generic_room_2, uniq_urug
D:14:     minmay_separated_statues, layout_basic,
          hangedman_vaults_entry_quadrant_bands, serial_glass, glass_columns_c,
          glass_columns_a, due_unseen_surprise, minmay_misc_feat_five,
          hangedman_decor_push
D:15:     grunt_enter_depths_giant_problem, layout_rooms, serial_park_tiny_1,
          hangedman_aviary
Lair:1:   layout_roguey
Lair:2:   dreamdust_cave_troll, layout_gridlike, serial_bayou_pond_b,
          kennysheep_abandoned_house
Lair:3:   layout_gridlike, palyth_hydra_swamp_entry, spider_nest_entry_rubble,
          lemuel_fruit_tree, uniq_nessos, uniq_gastronok
Lair:4:   layout_regular_city
Lair:5:   grunt_lair_end_beastmaster, layout_regular_city, slime_entry_1,
          gauntlet_entry_generic, chequers_serial_rivers_micro_c
Swamp:1:  layout_basic_swamp, nicolae_swamp_oxbows
Swamp:2:  layout_basic_swamp, nicolae_swamp_bean_lake, uniq_nikola
Swamp:3:  nicolae_swamp_secret_spriggan_hideout, layout_falls_marsh,
          evilmike_swamp_ruin_house_6, swamp_pool3, uniq_mlioglotl,
          uniq_bai_suzhen
Swamp:4:  swamp, layout_basic_swamp, uniq_donald
Spider:1: layout_spider_delve
Spider:2: layout_cave_pods, gammafunk_ghost_arena,
          nicolae_spider_baby_got_redback
Spider:3: lemuel_spider_zombies, uniq_asterion, uniq_louise
Spider:4: grunt_spider_rune_parallel, hellmonk_test_site, uniq_arachne,
          uniq_agnes, uniq_aizul
Orc:1:    layout_diamond_mine
Orc:2:    st_orc_rangers, layout_diamond_mine
Elf:1:    nicolae_elf_arrival_aired_out, layout_onion_city, minmay_elf_sorcery,
          st_stairs_9, minmay_strange_pillars,
          amcnicky_mini_rare_corridor_liquid
Elf:2:    elven_hall_of_blades_hangedman_original
          [nicolae_blade_entry_area_security], layout_loops_ring,
          mu_enter_wizlab_1, portal_ice_cave_entry_pillars_1
Elf:3:    grunt_elf_hall_asides, layout_gridlike, grunt_megastairs_2
Vaults:1: gammafunk_ghost_wrathful_warriors, ontoclasm_vaults_hangar,
          ontoclasm_vaults_pinch, hangedman_vaults_trim, vaults_room_fours,
          v_misc_18, vaults_room_door_ring, hangedman_vaults_snaps,
          vaults_room_corners, layout_vaults_quadrants, uniq_zenata
Vaults:2: minmay_crypt_entry_necro_gods, v_misc_9,
          ontoclasm_vaults_decontamination, serial_ice_b,
          vaults_standard_mumra_enter_the_diamond, layout_vaults_big_room
Vaults:3: v_misc_16, v_misc_10, nicolae_vaults_sealed_display,
          vaults_room_door_ring, grunt_vaults_funnel,
          ontoclasm_vaults_claustrophobia, v_misc_32, v_misc_28,
          hangedman_vaults_variations, nicolae_vaults_diagonal_hallway_8,
          ontoclasm_vaults_bender, nicolae_vaults_diagonal_hallway_8, v_misc_23,
          vaults_dpeg_encased_lava, layout_vaults_maze, serial_shops,
          bzr_entry_customers
Vaults:4: st_hourglassy, ontoclasm_vaults_idyll, v_misc_17,
          nicolae_vaults_network_barrier, hangedman_vaults_unwind,
          nicolae_vaults_little_squares_4, ontoclasm_vaults_tryst,
          hangedman_vaults_locks, v_misc_11, vaults_room_pool,
          ontoclasm_vaults_fault, nicolae_vaults_network_periphery,
          vaults_room_pools, dpeg_vaults_monster_row, layout_vaults_ring,
          nicolae_trove_entry_path_of_doom, uniq_sojobo
Vaults:5
Depths:1: layout_roguey, okawaru_trees_1, hell_entry, fedhas_altar_fruit_tree,
          grunt_megastairs_1, minmay_shop_star
Depths:2: minmay_four_inscribed_fans, layout_cave_pools, pan_entry,
          grunt_dithmenos_smoke_and_mirrors, pf_coc_iceberg,
          nicolae_ashenzari_panopticon
Depths:3: kennysheep_four_of_diamonds, layout_gridville,
          hangedman_abyss_entry_splay, pf_hell_entry_tar_river,
          skrybe_limestone_x, serial_shops, shop, shop, shop, uniq_boris
Depths:4: grunt_zot_entry_pinwheel, layout_gridlike, enter_ziggurat_b,
          minmay_misc_feat_roman, hell_entry, minmay_crystal_room,
          minmay_misc_feat_rows
Zot:1:    minmay_elemental_castle, layout_basic, grunt_megastairs_3
Zot:2:    layout_cellular_growth, hangedman_zot_spectrum
Zot:3:    layout_gridlike, zot_minivault_8
Zot:4:    grunt_zot_stairs_faceoff, layout_gridlike, hangedman_zot_gyre,
          uniq_josephina
Zot:5:    layout_cathedral_of_symmetry, nicolae_shop_clearance

Skill      XL: |  1  2  3  4  5  6  7  8  9 10 11 12 13 14 15 16 17 18 19 20 21 22 23 24 25 26 |
---------------+-------------------------------------------------------------------------------+-----
Invocations    | 1 2 3 4 5 7 8 9 11 13 15 16 17 19 20 22 | 22.6
Fighting       | 3 4 5 6 7 9 10 11 12 14 15 16 18 20 22 23 27 | 27.0
Stealth        | 4 |  4.3
Polearms       | 2 4 6 8 11 14 | 14.0
Armour         | 1 8 11 12 13 15 18 22 23 26 27 | 27.0
Shields        | 3 5 6 8 |  8.9
Dodging        | 3 6 9 12 16 20 23 26 | 26.9
Staves         | 3 10 11 | 11.0
Evocations     | 9 10 | 10.0
Short Blades   | |  2.3
Throwing       | |  2.1

Action                     |  1- 3 |  4- 6 |  7- 9 | 10-12 | 13-15 | 16-18 | 19-21 | 22-24 | 25-27 || total
---------------------------+-------+-------+-------+-------+-------+-------+-------+-------+-------++-------
  Melee: Dagger            |    71 |    35 |       |       |       |       |       |       |       ||   106
         Headbutt          |    10 |    16 |    35 |   186 |   343 |   396 |   556 |   694 |   443 ||  2679
         Trident           |       |    52 |   250 |   720 |   957 |       |       |       |       ||  1979
         Lajatang          |       |       |       |       |   332 |  1469 |  1568 |  1918 |  1119 ||  6406
  Throw: Dart              |    10 |     4 |       |       |       |       |       |       |       ||    14
         Boomerang         |     2 |     1 |       |       |       |       |       |       |       ||     3
 Invoke: Minor Destruction |       |    48 |    82 |    55 |    86 |    24 |     3 |    40 |       ||   338
         Lesser Servant of |       |     1 |     3 |     1 |     1 |       |       |       |       ||     6
         Major Destruction |       |       |       |     5 |     9 |     3 |     2 |     8 |     4 ||    31
         Greater Servant o |       |       |       |     1 |     1 |     7 |     1 |     7 |    13 ||    30
  Evoke: Wand              |       |       |     1 |       |     2 |       |       |     3 |     2 ||     8
         Condenser vane    |       |       |       |       |       |     3 |     2 |     3 |     1 ||     9
         Tin of tremorston |       |       |       |       |       |       |       |     2 |     2 ||     4
    Use: Scroll            |       |     2 |     8 |     5 |    19 |    14 |     6 |    10 |     6 ||    70
         Potion            |       |       |     1 |     1 |     4 |     5 |    10 |     3 |    25 ||    49
   Stab: Sleeping          |     8 |       |     1 |       |       |       |       |       |       ||     9
         Distracted        |       |       |     2 |     3 |       |     2 |       |     2 |     4 ||    13
         Invisible         |       |       |     1 |       |     3 |       |     3 |       |     6 ||    13
         Petrified         |       |       |       |       |     4 |       |       |       |       ||     4
         Petrifying        |       |       |       |       |     2 |       |       |       |       ||     2
         Held in net/web   |       |       |       |       |       |     1 |       |       |       ||     1
         Confused          |       |       |       |       |       |     1 |       |     9 |       ||    10
 Armour: Robe              |    19 |    11 |    51 |       |       |       |       |       |       ||    81
         Ring mail         |       |       |    27 |   119 |       |       |       |       |       ||   146
         Chain mail        |       |       |       |   108 |   655 |   802 |       |       |       ||  1565
         Plate armour      |       |       |       |       |       |   131 |   225 |       |       ||   356
         Skin              |       |       |       |       |       |     9 |       |       |       ||     9
         Crystal plate arm |       |       |       |       |       |       |   584 |   975 |   616 ||  2175
  Dodge: Dodged            |    46 |    44 |   127 |   176 |   388 |   613 |   597 |   944 |   591 ||  3526
  Block: Buckler           |       |       |       |   120 |   350 |       |       |       |       ||   470
         Reflection        |       |       |       |     7 |    47 |     3 |       |       |       ||    57
         Other             |       |       |       |       |    66 |   206 |       |       |       ||   272

Table legend: (Time is in decaauts)
 A = Elapsed time spent in this place.
 B = Non-inter-level travel time spent in this place.
 C = Inter-level travel time spent in this place.
 D = Time resting spent in this place.
 E = Time spent auto-exploring this place.
 F = Levels seen in this place.
 G = Mean time per level.
                   A        B        C        D        E       F      G
               +--------+--------+--------+--------+--------+-----+--------+
         Total |  57655 |  51918 |   5737 |   1739 |  38729 |  55 | 1048.3 |
       Dungeon |  16839 |  14173 |   2666 |    376 |  10911 |  15 | 1122.6 |
          Lair |   5457 |   4884 |    573 |      0 |   3951 |   5 | 1091.4 |
         Swamp |   4114 |   3897 |    217 |    393 |   2737 |   4 | 1028.5 |
   Spider Nest |   5333 |   4988 |    345 |    343 |   3889 |   4 | 1333.2 |
  Orcish Mines |   1659 |   1381 |    278 |      0 |   1142 |   2 |  829.5 |
   Elven Halls |   3161 |   3013 |    148 |     41 |   2184 |   3 | 1053.7 |
        Vaults |   6371 |   5788 |    583 |      2 |   4579 |   5 | 1274.2 |
        Depths |   4778 |   4156 |    622 |    373 |   2876 |   4 | 1194.5 |
           Zot |   6603 |   6303 |    300 |    206 |   4602 |   5 | 1320.6 |
         Abyss |    296 |    296 |      0 |      0 |    222 |   1 |  296.0 |
        Bazaar |     34 |     34 |      0 |      0 |     22 |   1 |   34.0 |
         Sewer |    354 |    354 |      0 |      0 |    207 |   1 |  354.0 |
       Ossuary |    199 |    199 |      0 |      0 |      0 |   1 |  199.0 |
        Bailey |    640 |    640 |      0 |      0 |    402 |   1 |  640.0 |
      Ice Cave |    365 |    365 |      0 |      0 |     14 |   1 |  365.0 |
        Wizlab |    938 |    938 |      0 |      4 |    674 |   1 |  938.0 |
      Gauntlet |    507 |    507 |      0 |      0 |    312 |   1 |  507.0 |
               +--------+--------+--------+--------+--------+-----+--------+

Top non-repeatable levels by time:
Spider:2: 2035 daAuts
Spider:4: 1921 daAuts
     D:9: 1771 daAuts
   Zot:1: 1670 daAuts
     D:4: 1645 daAuts
    D:14: 1484 daAuts
Vaults:4: 1408 daAuts
Vaults:1: 1405 daAuts
Depths:4: 1394 daAuts
    D:13: 1392 daAuts
   Zot:5: 1383 daAuts
Vaults:5: 1379 daAuts
   Zot:4: 1360 daAuts
Depths:2: 1356 daAuts
 Swamp:3: 1346 daAuts
